 Dungeon Crawl Stone Soup version 0.21.1-1-g345015fe64 (webtiles) character file.

3845 Oravi the Martial Artist (level 10, -1/70 HPs)
             Began as a Merfolk Transmuter on Apr 16, 2018.
             Was a Believer of Qazlal.
             Slain by KingHarkinian's ghost (20 damage)
             ... on level 8 of the Dungeon.
             The game lasted 00:38:01 (10705 turns).

Oravi the Martial Artist (Merfolk Transmuter)      Turns: 10705, Time: 00:38:01

Health: -1/70      AC:  2    Str: 17    XL:     10   Next: 18%
Magic:  4/13       EV: 26    Int: 15    God:    Qazlal [**....]
Gold:   428        SH:  5    Dex: 19    Spells: 7/13 levels left

rFire    . . .     SeeInvis +     - Unarmed
rCold    . . .     Gourm    .   (shield currently unavailable)
rNeg     + . .     Faith    .   (armour currently unavailable)
rPois    x         Spirit   .   (helmet currently unavailable)
rElec    +         Reflect  +   (cloak currently unavailable)
rCorr    .         Harm     .   (gloves currently unavailable)
MR       .....     Clarity  +   (boots currently unavailable)
Stlth    +.........             k - amulet "Edigg" {Reflect rElec SH+3}
HPRegen  0.21/turn              s - ring of see invisible
MPRegen  0.13/turn              r - ring of positive energy

@: mighty, spider-form
A: tiny, (change form in water), (swift swim), (stealthy swim), clarity,
mutation resistance 1
a: End Transformation, Upheaval, Renounce Religion


You were on level 8 of the Dungeon.
You worshipped Qazlal.
Qazlal was pleased with you.
You were hungry.
You were a venomous arachnid creature.
You visited 2 branches of the dungeon, and saw 9 of its levels.
You also visited: Sewer.

You collected 428 gold pieces.

Inventory:

Missiles
 a - 163 arrows
Armour
 b - a +1 robe (melded)
 A - a +1 leather armour of magic resistance
Magical Staves
 j - an uncursed staff of summoning
Jewellery
 i - an uncursed amulet of guardian spirit
 k - the amulet "Edigg" (around neck) {Reflect rElec SH+3}
   (You acquired it on level 7 of the Dungeon)

   [amulet of reflection]

   It shields you and reflects attacks.
   It insulates you from electricity.
   It affects your SH (+3).
 r - a ring of positive energy (right front leg)
 s - a ring of see invisible (left front leg)
Wands
 e - a wand of flame (23)
 p - a wand of disintegration (16)
 t - a wand of iceblast (12)
 v - a wand of enslavement (14)
Scrolls
 g - 6 scrolls of teleportation
 h - 5 scrolls of fear
 o - 2 scrolls of enchant weapon
 q - 4 scrolls of remove curse
 u - a scroll of magic mapping
 w - 3 scrolls of enchant armour
 x - a scroll of silence
 B - a scroll of identify
 D - a scroll of blinking {unknown}
Potions
 f - 9 potions of flight
 l - a potion of ambrosia
 m - a potion of cancellation
 n - 2 potions of haste
 C - a potion of might
Books
 c - a book of Changes

   Spells                             Type                      Level
   a - Beastly Appendage              Transmutation                1
   b - Sticks to Snakes               Transmutation                2
   c - Spider Form                    Transmutation/Poison         3
   d - Ice Form                       Ice/Transmutation            4
   e - Blade Hands                    Transmutation                5
 y - a book of Frost

   Spells                             Type                      Level
   a - Freeze                         Ice                          1
   b - Throw Frost                    Conjuration/Ice              2
   c - Ozocubu's Armour               Charms/Ice                   3
   d - Throw Icicle                   Conjuration/Ice              4
   e - Summon Ice Beast               Ice/Summoning                4
Comestibles
 d - 9 rations


   Skills:
 + Level 3.2 Fighting
 + Level 6.9 Dodging
 + Level 10.1 Unarmed Combat
 - Level 2.0 Spellcasting
 * Level 10.0 Transmutations
 * Level 7.0 Poison Magic


You had 7 spell levels left.
You knew the following spells:

 Your Spells              Type           Power        Failure   Level  Hunger
a - Beastly Appendage     Tmut           ####..       3%          1    #......
b - Sticks to Snakes      Tmut           ####....     3%          2    ###....
c - Spider Form           Tmut/Pois      ####......   8%          3    ###....


Dungeon Overview and Level Annotations

Branches:
Dungeon (8/15)             Temple (1/1) D:6
   Lair: D:8-11

Altars:
Ashenzari
Cheibriados
Dithmenos
Elyvilon
Fedhas
Gozag
Hepliaklqana
Kikubaaqudgha
Makhleb
Nemelex Xobeh
Okawaru
Qazlal
Ru
Sif Muna
Trog
Uskayaw
Vehumet
Wu Jian
Xom
Yredelemnul
Zin
The Shining One

Shops:
D:6 =   D:8 }

Annotations:
D:3 Goboxel's ghost, amateur DrCj
D:5 fire
D:8 KingHarkinian's ghost, journeyman MiGl


Innate Abilities, Weirdness & Mutations

((You revert to your normal form in water.))
((You are very nimble and swift while swimming.))
((You are very stealthy in the water. (Stealth+)))
((You are partially covered in molten scales. (AC +2)))
You possess an exceptional clarity of mind.
You are somewhat resistant to further mutation.


Message History

KingHarkinian's ghost hits you!
Your ball python closely misses KingHarkinian's ghost.
You bite KingHarkinian's ghost!
KingHarkinian's ghost is almost destroyed.
KingHarkinian's ghost misses you.
Your ball python closely misses KingHarkinian's ghost.
You barely miss KingHarkinian's ghost.
KingHarkinian's ghost is almost destroyed.
KingHarkinian's ghost barely misses you.
Your ball python completely misses KingHarkinian's ghost.
You hit KingHarkinian's ghost but do no damage.
KingHarkinian's ghost is almost destroyed.
Your ball python bites KingHarkinian's ghost but does no damage.
KingHarkinian's ghost hits you!
* * * LOW HITPOINT WARNING * * *
You closely miss KingHarkinian's ghost.
KingHarkinian's ghost is almost destroyed.
Your ball python misses KingHarkinian's ghost.
KingHarkinian's ghost hits you!!
You die...

#......................#
##.?..........#..####...
##..........##..## ..
###........#[..# . ##
#.....#...##### .#
#............# .#
#.##.........# .#
#.##.........#.
.#########S#..SWs.......
.........)....$.........
.<.#####...............#
##.#......#####.#.###.##
.....####.# #......##...
####..##..###.........##
#..............#.
###.####.......# #.#
#........#


You could see KingHarkinian's ghost and a friendly ball python.

Vanquished Creatures
  A wyvern (D:8)
  Grum (D:8)
  A water moccasin (D:6)
  Purgy (Sewer)
  2 orc warriors
  2 ogres (D:4)
  2 sky beasts (D:5)
  2 necrophages
  3 wolves (D:8)
  4 centaurs
  6 bullfrogs
  2 big kobolds
  2 scorpions
  4 crimson imps
  A quasit (D:6)
  2 hounds (D:8)
  2 jellies
  8 orc priests
  3 gnoll shamans
  2 iguanas (D:4)
  3 bullfrog skeletons
  Ijyb (D:3)
  7 orc wizards
  6 worker ants
  A hound skeleton (D:8)
  12 gnolls
  9 adders
  A river rat (D:5)
  A shadow imp (D:7)
  2 oozes
  2 worms
  A dart slug (D:1)
  5 leopard geckos
  32 orcs
  5 giant cockroaches
  5 goblins
  6 hobgoblins
  14 jackals
  5 quokkas
  6 ball pythons
  5 bats
  6 frilled lizards
  A jackal skeleton (D:8)
  18 kobolds
  8 rats
  A spectral orc (D:4)
214 creatures vanquished.

Vanquished Creatures (others)
  An adder skeleton (D:5)
  A frilled lizard (D:5)
2 creatures vanquished.

Grand Total: 216 creatures vanquished

Notes
Turn   | Place    | Note
-------+----------+-------------------------------------------
     0 | D:1      | Oravi the Merfolk Transmuter began the quest for the Orb.
     0 | D:1      | Reached XP level 1. HP: 15/15 MP: 3/3
     3 | D:1      | Noticed an electric eel
     3 | D:1      | Noticed an electric eel
   273 | D:1      | Reached XP level 2. HP: 21/21 MP: 3/5
  1010 | D:1      | Reached XP level 3. HP: 26/26 MP: 4/6
  1014 | D:1      | Learned a level 2 spell: Sticks to Snakes
  1018 | D:1      | Learned a level 3 spell: Spider Form
  1301 | D:2      | Found a white marble altar of Elyvilon.
  1303 | D:2      | Found a blossoming altar of Fedhas.
  1316 | D:2      | Found a shadowy altar of Dithmenos.
  1316 | D:2      | Found a shattered altar of Ashenzari.
  1865 | D:2      | Found an iron altar of Okawaru.
  1865 | D:2      | Found a deep blue altar of Sif Muna.
  2357 | D:3      | Reached XP level 4. HP: 32/32 MP: 1/7
  2370 | D:3      | Noticed Ijyb
  2380 | D:3      | Killed Ijyb
  2567 | D:3      | Reached skill level 1 in Poison Magic
  3103 | D:3      | Noticed Goboxel's ghost (amateur DrCj)
  3332 | D:4      | Reached skill level 5 in Unarmed Combat
  3332 | D:4      | Reached XP level 5. HP: 21/37 MP: 1/8
  4020 | D:4      | Reached XP level 6. HP: 39/43 MP: 6/9
  4034 | D:4      | Reached skill level 5 in Transmutations
  4122 | D:4      | Found a shattered altar of Ashenzari.
  4161 | D:4      | Found a hide-covered altar of Uskayaw.
  4163 | D:4      | Noticed a dagger
  4163 | D:4      | Noticed a dagger
  4646 | D:4      | Reached XP level 7. HP: 49/49 MP: 7/10
  4937 | D:4      | Found a basalt altar of Yredelemnul.
  5330 | D:5      | Entered Level 5 of the Dungeon
  5523 | D:5      | Reached XP level 8. HP: 40/56 MP: 6/11
  5767 | D:5      | Found a glowing drain.
  5772 | Sewer    | Entered a sewer
  5821 | Sewer    | Noticed Purgy
  5828 | Sewer    | Killed Purgy
  6360 | D:5      | Found a hazy altar of Hepliaklqana.
  6631 | D:6      | Found a staircase to the Ecumenical Temple.
  6651 | D:6      | Reached skill level 5 in Dodging
  6651 | D:6      | Reached skill level 5 in Poison Magic
  6857 | D:6      | Found an ornate altar of the Wu Jian Council.
  6948 | D:6      | Found Meiriwif's Jewellery Boutique.
  7041 | D:6      | Reached XP level 9. HP: 36/60 MP: 9/12
  7202 | Temple   | Entered the Ecumenical Temple
  7237 | Temple   | Became a worshipper of Qazlal Stormbringer
  8032 | D:7      | Gained mutation: You are occasionally teleported next to monsters. [potion of mutation]
  8032 | D:7      | Gained mutation: You are partially covered in molten scales. (AC +2) [potion of mutation]
  8032 | D:7      | Gained mutation: You are mostly covered in molten scales. (AC +3) [potion of mutation]
  8978 | D:7      | Found a radiant altar of Vehumet.
  9475 | D:7      | Identified a scroll of acquirement
  9476 | D:7      | Got a pitted tin amulet
  9477 | D:7      | Identified the amulet "Edigg" {Reflect rElec SH+3} (You acquired it on level 7 of the Dungeon)
  9490 | D:8      | Found Giypnebb's Gadget Shoppe.
  9504 | D:8      | Reached * piety under Qazlal
  9594 | D:8      | Noticed KingHarkinian's ghost (journeyman MiGl)
  9729 | D:8      | Found a burning altar of Makhleb.
  9758 | D:8      | Found a glowing golden altar of the Shining One.
  9760 | D:8      | Noticed Grum
 10180 | D:8      | Reached XP level 10. HP: 41/70 MP: 11/13
 10323 | D:8      | Killed Grum
 10325 | D:8      | Reached skill level 10 in Unarmed Combat
 10379 | D:8      | Lost mutation: You are occasionally teleported next to monsters. [potion of mutation]
 10379 | D:8      | Gained mutation: You are dopey. (Int -2) [potion of mutation]
 10379 | D:8      | Gained mutation: You are frail. (-10% HP) [potion of mutation]
 10379 | D:8      | Gained mutation: You are partially covered in thin metallic scales. (AC +2) [potion of mutation]
 10404 | D:8      | Lost mutation: You are dopey. (Int -2) [potion of mutation]
 10404 | D:8      | Lost mutation: You are partially covered in thin metallic scales. (AC +2) [potion of mutation]
 10404 | D:8      | Lost mutation: You are frail. (-10% HP) [potion of mutation]
 10404 | D:8      | Lost mutation: You are mostly covered in molten scales. (AC +3) [potion of mutation]
 10404 | D:8      | Gained mutation: You are somewhat resistant to further mutation. [potion of mutation]
 10404 | D:8      | Gained mutation: You possess an exceptional clarity of mind. [potion of mutation]
 10446 | D:8      | Reached ** piety under Qazlal
 10457 | D:8      | Reached skill level 10 in Transmutations
 10705 | D:8      | Slain by KingHarkinian's ghost

Skill      XL: |  1  2  3  4  5  6  7  8  9 10 |
---------------+-------------------------------+-----
Unarmed Combat | 4 5 6 8 9 10 | 10.1
Transmutations | 3 4 5 6 8 9 10 | 10.0
Dodging        | 3 4 5 6 |  6.9
Poison Magic   | 1 2 3 4 5 6 7 |  7.0
Fighting       | 2 3 |  3.2
Spellcasting   | |  2.0

Action                   |  1- 3 |  4- 6 |  7- 9 | 10-12 || total
-------------------------+-------+-------+-------+-------++-------
Melee: Unarmed           |   112 |   134 |   396 |    83 ||   725
       Headbutt          |     6 |       |       |       ||     6
 Cast: Beastly Appendage |    18 |     2 |       |       ||    20
       Spider Form       |     8 |    21 |    59 |     6 ||    94
       Sticks to Snakes  |       |     3 |       |     6 ||     9
 Abil: End Transformatio |       |       |     2 |       ||     2
  Use: Scroll            |     8 |     2 |     9 |       ||    19
       Potion            |       |     2 |     8 |     4 ||    14
 Stab: Sleeping          |     1 |       |     1 |       ||     2
       Distracted        |       |       |       |     1 ||     1
  Eat: Chunk             |     7 |     7 |    22 |     2 ||    38
       Ration            |       |     1 |     1 |       ||     2
Armor: Robe              |     9 |     4 |     3 |       ||    16
       Skin              |     6 |     5 |    11 |     5 ||    27
Dodge: Dodged            |    93 |   103 |   415 |    89 ||   700
Block: Other             |       |       |    38 |    19 ||    57
